[ AOE2 MATCH · #482585926 ]
UnrankedFranks vs Italians
[ REPLAY ANALYSIS · EXTRACTED FROM THE RECORDED GAME ]
Feudal
8:54
Castle
22:43
Imperial
42:16
| APM avg | 71.2 |
| APM peak | 120 |
| eAPM avg | 47.9 |
| Villagers / military | 216 / 385 |
Focus
⚔️ 64.4% · 🌾 35.6%
Scout Cavalry ×166 · Knight ×108 · Throwing Axeman ×104 · Trade Cart ×14 · Spearman ×2 · Bombard Cannon ×2
Feudal
8:26
Castle
22:20
Imperial
34:32
| APM avg | 65.9 |
| APM peak | 143 |
| eAPM avg | 41.0 |
| Villagers / military | 229 / 281 |
Focus
⚔️ 59.9% · 🌾 40.1%
Archer ×118 · Genoese Crossbowman ×98 · Trade Cart ×57 · Knight ×56 · Bombard Cannon ×5 · Trebuchet (Packed) ×3
Feudal
8:32
Castle
22:59
Imperial
37:20
| APM avg | 51.2 |
| APM peak | 127 |
| eAPM avg | 26.2 |
| Villagers / military | 232 / 329 |
Focus
⚔️ 43.7% · 🌾 56.3%
Archer ×225 · Spearman ×62 · Battering Ram ×14 · Trade Cart ×13 · Composite Bowman ×13 · Skirmisher ×7
Feudal
8:29
Castle
22:50
Imperial
41:01
| APM avg | 40.9 |
| APM peak | 81 |
| eAPM avg | 21.5 |
| Villagers / military | 199 / 286 |
Focus
⚔️ 40.8% · 🌾 59.2%
Magyar Huszar ×206 · Knight ×68 · Trade Cart ×26 · Scout Cavalry ×6 · Spearman ×5 · Monk ×1
Feudal
8:51
Castle
21:16
Imperial
37:32
| APM avg | 52.1 |
| APM peak | 109 |
| eAPM avg | 29.1 |
| Villagers / military | 131 / 375 |
Focus
⚔️ 60.1% · 🌾 39.9%
Cavalry Archer ×126 · Skirmisher ×87 · Archer ×78 · Scout Cavalry ×77 · Trade Cart ×28 · Trebuchet (Packed) ×4
Feudal
8:51
Castle
20:02
Imperial
35:18
| APM avg | 80.0 |
| APM peak | 142 |
| eAPM avg | 36.7 |
| Villagers / military | 196 / 275 |
Focus
⚔️ 45.9% · 🌾 54.1%
Camel Scout ×157 · Knight ×91 · Trade Cart ×40 · Cataphract ×22 · Scout Cavalry ×4 · Monk ×1
Feudal
8:26
Castle
22:12
Imperial
36:31
| APM avg | 54.1 |
| APM peak | 106 |
| eAPM avg | 35.2 |
| Villagers / military | 186 / 27 |
Focus
⚔️ 62.5% · 🌾 37.5%
Unknown (1959) ×308 · Unknown (1944) ×121 · Trade Cart ×24 · Scout Cavalry ×21 · Unknown (1942) ×6 · Petard ×5
Feudal
9:18
Castle
23:35
Imperial
50:29
| APM avg | 53.2 |
| APM peak | 89 |
| eAPM avg | 29.7 |
| Villagers / military | 230 / 242 |
Focus
⚔️ 42.0% · 🌾 58.0%
Archer ×179 · Skirmisher ×59 · Trade Cart ×26 · Trebuchet (Packed) ×3 · Monk ×1
Match map
Initial resources + every placement click. Lines = walls · curves = elevation contours. ◆ gold · ⬟ stone · ● berries · ✦ relic · ◌ wall gap
Your base· ✓ Closed at 22:43 · 47t walls · 1 gate(s)
BSL | Dr.Kozmonot's base· ✓ Closed at 22:20 · 9t walls · 1 gate(s)
[R1] 12Tirador's base· ✓ Closed at 22:59 · 74t walls · 2 gate(s)
rono's base· ✓ Closed at 22:50 · 39t walls · no gate
Eugenius's base· ✓ Closed at 21:16 · 46t walls · no gate
Oni.TaToH's base· ✓ Closed at 20:02 · 75t walls · no gate
BSL | Dragonstar's base· ✓ Closed at 22:12 · 52t walls · no gate
[R1] Pume's base· ✓ Closed at 23:35 · 34t walls · no gate
Smoothed initial terrain · ◌ = detected wall gap · hover for details
Inputs per minute
— [R1] PoXoLo - - BSL | Dr.Kozmonot
Build order — [R1] PoXoLo
First 150 of 774 actions detected
| 0:00 | Queue | Villager (Male) |
| 0:02 | Build | House |
| 0:02 | Build | House |
| 0:08 | Queue | Villager (Male) |
| 0:15 | Queue | Villager (Male) |
| 0:20 | Queue | Villager (Male) |
| 1:15 | Queue | Villager (Male) |
| 1:54 | Build | Lumber Camp |
| 2:01 | Queue | Villager (Male) |
| 2:25 | Queue | Villager (Male) |
| 2:25 | Queue | Villager (Male) |
| 2:43 | Queue | Villager (Male) |
| 3:10 | Queue | Villager (Male) |
| 3:36 | Queue | Villager (Male) |
| 3:36 | Queue | Villager (Male) |
| 3:53 | Build | House |
| 3:55 | Build | House |
| 3:58 | Queue | Villager (Male) |
| 3:58 | Queue | Villager (Male) |
| 4:02 | Queue | Villager (Male) |
| 4:03 | Queue | Villager (Male) |
| 5:01 | Queue | Villager (Male) |
| 5:01 | Queue | Villager (Male) |
| 5:18 | Build | House |
| 5:23 | Build | Palisade Wall |
| 5:37 | Build | Mill |
| 6:14 | Research | Loom |
| 6:40 | Research | Feudal Age |
| 7:16 | Build | Barracks |
| 7:33 | Queue | Villager (Male) |
| 7:49 | Queue | Villager (Male) |
| 8:54 | Age | Feudal Age |
| 8:57 | Build | Stable |
| 8:58 | Research | Double-Bit Axe |
| 9:01 | Queue | Villager (Male) |
| 9:21 | Build | House |
| 9:26 | Queue | Villager (Male) |
| 9:40 | Queue | Scout Cavalry |
| 9:40 | Queue | Scout Cavalry |
| 9:41 | Queue | Villager (Male) |
| 9:46 | Build | Palisade Wall |
| 9:51 | Build | House |
| 9:52 | Queue | Scout Cavalry |
| 9:56 | Build | Farm |
| 9:57 | Build | Farm |
| 10:11 | Build | Farm |
| 10:22 | Queue | Scout Cavalry |
| 10:35 | Build | Farm |
| 10:45 | Queue | Scout Cavalry |
| 10:52 | Queue | Villager (Male) |
| 10:55 | Queue | Villager (Male) |
| 11:01 | Build | Farm |
| 11:09 | Build | Farm |
| 11:20 | Queue | Villager (Male) |
| 11:21 | Build | House |
| 11:23 | Build | House |
| 11:39 | Queue | Scout Cavalry |
| 11:41 | Queue | Villager (Male) |
| 12:04 | Queue | Villager (Male) |
| 12:06 | Build | Blacksmith |
| 12:08 | Queue | Scout Cavalry |
| 12:19 | Queue | Villager (Male) |
| 12:33 | Queue | Villager (Male) |
| 12:43 | Queue | Scout Cavalry |
| 12:55 | Build | Farm |
| 12:55 | Build | Farm |
| 12:55 | Build | Farm |
| 12:56 | Research | Scale Barding Armor |
| 13:00 | Queue | Villager (Male) |
| 13:02 | Build | House |
| 13:07 | Queue | Villager (Male) |
| 13:09 | Build | Farm |
| 13:31 | Queue | Villager (Male) |
| 13:34 | Build | House |
| 13:37 | Build | Palisade Wall |
| 13:44 | Queue | Villager (Male) |
| 13:45 | Build | Farm |
| 13:45 | Build | Farm |
| 13:48 | Queue | Villager (Male) |
| 13:56 | Research | Forging |
| 14:05 | Queue | Villager (Male) |
| 14:21 | Queue | Villager (Male) |
| 14:37 | Queue | Villager (Male) |
| 14:48 | Queue | Scout Cavalry |
| 14:53 | Build | Farm |
| 14:53 | Build | Farm |
| 14:54 | Build | Farm |
| 14:54 | Build | Farm |
| 14:55 | Queue | Villager (Male) |
| 15:16 | Queue | Scout Cavalry |
| 15:22 | Build | Farm |
| 15:23 | Queue | Villager (Male) |
| 15:25 | Build | Farm |
| 15:26 | Build | Farm |
| 15:45 | Queue | Scout Cavalry |
| 15:48 | Build | Farm |
| 15:59 | Queue | Villager (Male) |
| 16:09 | Build | Lumber Camp |
| 16:10 | Queue | Villager (Male) |
| 16:13 | Build | House |
| 16:15 | Build | Palisade Wall |
| 16:29 | Queue | Spearman |
| 16:29 | Queue | Scout Cavalry |
| 16:32 | Queue | Villager (Male) |
| 16:39 | Queue | Villager (Male) |
| 16:45 | Build | House |
| 16:45 | Build | House |
| 16:48 | Queue | Spearman |
| 17:02 | Queue | Villager (Male) |
| 17:06 | Research | Wheelbarrow |
| 17:14 | Build | House |
| 17:16 | Build | Palisade Wall |
| 17:24 | Queue | Scout Cavalry |
| 17:29 | Build | Mining Camp |
| 17:39 | Queue | Scout Cavalry |
| 17:48 | Queue | Villager (Male) |
| 17:55 | Build | Stable |
| 18:00 | Queue | Villager (Male) |
| 18:05 | Build | House |
| 18:09 | Build | Palisade Wall |
| 18:31 | Build | House |
| 18:33 | Queue | Villager (Male) |
| 18:46 | Build | Market |
| 18:56 | Build | Farm |
| 19:06 | Build | Farm |
| 19:08 | Queue | Villager (Male) |
| 19:35 | Queue | Scout Cavalry |
| 19:41 | Build | House |
| 19:41 | Build | House |
| 19:49 | Build | Watch Tower |
| 20:03 | Research | Castle Age |
| 20:06 | Build | House |
| 20:15 | Build | House |
| 20:18 | Build | House |
| 20:21 | Build | Palisade Gate |
| 20:38 | Queue | Villager (Male) |
| 20:39 | Build | Stable |
| 21:11 | Queue | Villager (Male) |
| 21:13 | Build | Palisade Wall |
| 21:13 | Build | Palisade Wall |
| 21:15 | Build | House |
| 21:22 | Build | House |
| 21:34 | Build | House |
| 21:34 | Build | House |
| 21:53 | Queue | Villager (Male) |
| 21:55 | Build | Farm |
| 21:56 | Queue | Villager (Male) |
| 21:58 | Build | House |
| 22:03 | Build | Farm |
| 22:19 | Build | Farm |
Build order — BSL | Dr.Kozmonot
First 150 of 842 actions detected
| 0:00 | Queue | Villager (Male) |
| 0:02 | Build | House |
| 0:02 | Build | House |
| 0:06 | Queue | Villager (Male) |
| 0:19 | Queue | Villager (Male) |
| 0:29 | Queue | Villager (Male) |
| 0:29 | Queue | Villager (Male) |
| 1:13 | Queue | Villager (Male) |
| 1:49 | Queue | Villager (Male) |
| 1:51 | Build | Lumber Camp |
| 2:11 | Queue | Villager (Male) |
| 2:41 | Queue | Villager (Male) |
| 3:07 | Queue | Villager (Male) |
| 3:27 | Build | House |
| 3:29 | Build | House |
| 3:35 | Queue | Villager (Male) |
| 3:45 | Queue | Villager (Male) |
| 4:05 | Queue | Villager (Male) |
| 4:18 | Queue | Villager (Male) |
| 5:06 | Build | Mining Camp |
| 5:18 | Queue | Villager (Male) |
| 5:22 | Research | Loom |
| 6:11 | Research | Feudal Age |
| 6:54 | Build | Barracks |
| 7:04 | Build | Palisade Wall |
| 7:07 | Build | Palisade Wall |
| 7:33 | Queue | Villager (Male) |
| 7:50 | Build | House |
| 8:03 | Build | Palisade Wall |
| 8:04 | Build | Palisade Wall |
| 8:06 | Build | Palisade Wall |
| 8:17 | Build | Palisade Wall |
| 8:26 | Age | Feudal Age |
| 8:27 | Build | Archery Range |
| 8:40 | Queue | Villager (Male) |
| 8:50 | Queue | Villager (Male) |
| 8:54 | Build | Archery Range |
| 9:03 | Queue | Villager (Male) |
| 9:11 | Queue | Archer |
| 9:20 | Queue | Villager (Male) |
| 9:35 | Queue | Archer |
| 9:41 | Queue | Villager (Male) |
| 9:42 | Build | House |
| 9:43 | Queue | Archer |
| 9:55 | Queue | Archer |
| 9:57 | Queue | Villager (Male) |
| 10:21 | Queue | Archer |
| 10:33 | Build | Blacksmith |
| 10:37 | Queue | Villager (Male) |
| 10:44 | Queue | Archer |
| 11:01 | Queue | Archer |
| 11:21 | Build | House |
| 11:25 | Research | Fletching |
| 11:28 | Queue | Archer |
| 11:43 | Queue | Villager (Male) |
| 11:45 | Queue | Archer |
| 11:57 | Build | Mill |
| 12:09 | Queue | Villager (Male) |
| 12:11 | Queue | Archer |
| 12:18 | Queue | Archer |
| 12:34 | Queue | Archer |
| 12:44 | Queue | Villager (Male) |
| 12:44 | Queue | Archer |
| 12:54 | Queue | Archer |
| 13:00 | Queue | Villager (Male) |
| 13:08 | Build | Farm |
| 13:12 | Build | House |
| 13:15 | Queue | Archer |
| 13:24 | Queue | Villager (Male) |
| 13:35 | Queue | Villager (Male) |
| 13:38 | Build | House |
| 13:41 | Build | Farm |
| 14:04 | Queue | Villager (Male) |
| 14:24 | Queue | Villager (Male) |
| 14:26 | Queue | Archer |
| 14:48 | Queue | Archer |
| 14:53 | Queue | Villager (Male) |
| 14:53 | Queue | Archer |
| 15:08 | Queue | Archer |
| 15:12 | Build | Farm |
| 15:13 | Build | Farm |
| 15:15 | Build | Farm |
| 15:17 | Queue | Villager (Male) |
| 15:20 | Queue | Archer |
| 15:34 | Queue | Archer |
| 15:49 | Queue | Archer |
| 15:50 | Queue | Villager (Male) |
| 15:58 | Build | Farm |
| 15:58 | Build | Farm |
| 16:01 | Build | Farm |
| 16:06 | Queue | Villager (Male) |
| 16:12 | Queue | Archer |
| 16:19 | Queue | Archer |
| 16:24 | Queue | Villager (Male) |
| 16:31 | Build | Farm |
| 16:42 | Build | House |
| 16:55 | Queue | Villager (Male) |
| 16:59 | Queue | Archer |
| 17:04 | Queue | Villager (Male) |
| 17:14 | Queue | Archer |
| 17:20 | Queue | Villager (Male) |
| 17:28 | Build | Farm |
| 17:31 | Build | Farm |
| 17:31 | Build | Farm |
| 17:33 | Build | Farm |
| 17:36 | Queue | Archer |
| 17:41 | Queue | Villager (Male) |
| 17:52 | Queue | Villager (Male) |
| 18:03 | Build | Lumber Camp |
| 18:04 | Queue | Villager (Male) |
| 18:11 | Queue | Villager (Male) |
| 18:32 | Queue | Villager (Male) |
| 18:54 | Build | Market |
| 19:10 | Queue | Villager (Male) |
| 19:13 | Queue | Archer |
| 19:26 | Build | House |
| 19:27 | Build | House |
| 19:29 | Build | Palisade Gate |
| 19:38 | Build | House |
| 19:39 | Build | Palisade Wall |
| 19:40 | Research | Castle Age |
| 19:46 | Queue | Archer |
| 19:58 | Queue | Archer |
| 19:58 | Queue | Archer |
| 20:02 | Queue | Archer |
| 20:08 | Research | Horse Collar |
| 20:35 | Build | Lumber Camp |
| 20:37 | Queue | Archer |
| 20:39 | Queue | Archer |
| 20:39 | Queue | Archer |
| 20:53 | Research | Double-Bit Axe |
| 20:54 | Research | Padded Archer Armor |
| 20:55 | Queue | Archer |
| 21:09 | Build | House |
| 21:13 | Build | House |
| 21:20 | Queue | Archer |
| 21:30 | Queue | Villager (Male) |
| 22:20 | Age | Castle Age |
| 22:22 | Research | Crossbowman (upgrade) |
| 22:23 | Research | Bodkin Arrow |
| 22:23 | Research | Bodkin Arrow |
| 22:29 | Build | Town Center |
| 22:33 | Queue | Villager (Male) |
| 22:36 | Queue | Archer |
| 22:42 | Build | University |
| 22:49 | Queue | Villager (Male) |
| 22:56 | Queue | Villager (Male) |
| 23:07 | Queue | Villager (Male) |
| 23:29 | Research | Ballistics |
| 23:33 | Research | Wheelbarrow |
Build order — [R1] 12Tirador
First 150 of 705 actions detected
| 0:00 | Queue | Villager (Male) |
| 0:00 | Queue | Villager (Male) |
| 0:00 | Queue | Villager (Male) |
| 0:02 | Build | House |
| 0:04 | Build | House |
| 0:05 | Queue | Villager (Male) |
| 1:25 | Queue | Villager (Male) |
| 2:05 | Queue | Villager (Male) |
| 2:05 | Queue | Villager (Male) |
| 2:09 | Build | Mule Cart |
| 2:24 | Queue | Villager (Male) |
| 2:43 | Queue | Villager (Male) |
| 2:43 | Queue | Villager (Male) |
| 3:08 | Queue | Villager (Male) |
| 3:33 | Build | House |
| 3:43 | Queue | Villager (Male) |
| 3:45 | Queue | Villager (Male) |
| 3:59 | Queue | Villager (Male) |
| 4:00 | Queue | Villager (Male) |
| 4:41 | Build | Mill |
| 4:42 | Queue | Villager (Male) |
| 5:19 | Queue | Villager (Male) |
| 5:37 | Queue | Villager (Male) |
| 5:41 | Research | Loom |
| 6:22 | Research | Feudal Age |
| 6:56 | Build | Mule Cart |
| 6:58 | Build | House |
| 7:21 | Queue | Villager (Male) |
| 7:36 | Build | House |
| 7:46 | Build | Barracks |
| 7:51 | Build | Palisade Wall |
| 8:03 | Build | Palisade Wall |
| 8:32 | Age | Feudal Age |
| 8:59 | Queue | Villager (Male) |
| 9:00 | Build | Archery Range |
| 9:08 | Queue | Villager (Male) |
| 9:14 | Queue | Villager (Male) |
| 9:32 | Build | Archery Range |
| 9:44 | Build | Palisade Wall |
| 10:06 | Queue | Villager (Male) |
| 10:26 | Queue | Archer |
| 10:26 | Queue | Archer |
| 10:26 | Queue | Archer |
| 10:47 | Build | House |
| 10:57 | Queue | Villager (Male) |
| 11:15 | Build | Blacksmith |
| 11:16 | Queue | Archer |
| 11:34 | Queue | Villager (Male) |
| 11:36 | Queue | Archer |
| 11:52 | Build | Farm |
| 11:54 | Build | Farm |
| 11:56 | Build | Farm |
| 12:02 | Queue | Villager (Male) |
| 12:12 | Queue | Archer |
| 12:12 | Queue | Archer |
| 12:17 | Queue | Archer |
| 12:25 | Build | Palisade Wall |
| 12:36 | Queue | Villager (Male) |
| 12:45 | Build | Palisade Wall |
| 12:49 | Build | Palisade Wall |
| 12:49 | Queue | Archer |
| 12:53 | Queue | Villager (Male) |
| 12:58 | Queue | Archer |
| 13:06 | Build | House |
| 13:10 | Queue | Villager (Male) |
| 13:16 | Build | Watch Tower |
| 13:31 | Build | Watch Tower |
| 13:38 | Build | Palisade Wall |
| 13:39 | Queue | Villager (Male) |
| 13:51 | Build | Palisade Gate |
| 13:52 | Queue | Villager (Male) |
| 13:57 | Build | House |
| 14:01 | Queue | Archer |
| 14:02 | Queue | Villager (Male) |
| 14:07 | Queue | Archer |
| 14:14 | Queue | Archer |
| 14:15 | Queue | Archer |
| 14:20 | Research | Double-Bit Axe |
| 14:33 | Queue | Archer |
| 14:37 | Queue | Villager (Male) |
| 14:43 | Build | House |
| 14:45 | Queue | Archer |
| 14:59 | Queue | Archer |
| 15:03 | Queue | Villager (Male) |
| 15:15 | Research | Fletching |
| 15:17 | Queue | Archer |
| 15:17 | Queue | Archer |
| 15:22 | Build | Palisade Wall |
| 15:25 | Queue | Archer |
| 15:31 | Queue | Archer |
| 15:33 | Build | Farm |
| 15:38 | Build | Farm |
| 15:47 | Queue | Archer ×2 |
| 15:50 | Queue | Villager (Male) |
| 15:59 | Build | Farm |
| 16:03 | Queue | Archer |
| 16:07 | Queue | Villager (Male) |
| 16:14 | Queue | Villager (Male) |
| 16:17 | Build | Farm |
| 16:29 | Queue | Archer |
| 16:38 | Build | Farm |
| 16:42 | Queue | Villager (Male) |
| 16:54 | Build | House |
| 17:06 | Build | Farm |
| 17:07 | Queue | Villager (Male) |
| 17:13 | Queue | Villager (Male) |
| 17:21 | Queue | Archer |
| 17:25 | Queue | Villager (Male) |
| 17:33 | Build | Palisade Wall |
| 17:38 | Build | Palisade Gate |
| 17:41 | Build | House |
| 17:44 | Queue | Archer |
| 17:44 | Queue | Archer |
| 17:49 | Queue | Villager (Male) |
| 18:08 | Queue | Archer |
| 18:08 | Queue | Archer |
| 18:15 | Build | House |
| 18:24 | Queue | Villager (Male) |
| 18:26 | Build | Market |
| 18:32 | Queue | Archer |
| 18:39 | Queue | Villager (Male) |
| 18:44 | Queue | Archer |
| 18:49 | Build | Mule Cart |
| 19:06 | Queue | Villager (Male) |
| 19:20 | Build | House |
| 19:27 | Queue | Villager (Male) |
| 20:05 | Queue | Villager (Male) |
| 20:19 | Research | Castle Age |
| 20:23 | Build | House |
| 20:30 | Build | House |
| 20:32 | Build | House |
| 20:33 | Build | House |
| 20:33 | Build | House |
| 20:38 | Build | House |
| 20:39 | Build | House |
| 20:50 | Build | Stone Wall |
| 20:52 | Build | Stone Wall |
| 20:53 | Build | Stone Wall |
| 20:56 | Queue | Archer |
| 20:56 | Queue | Archer |
| 20:57 | Queue | Villager (Male) |
| 20:57 | Queue | Villager (Male) |
| 21:00 | Build | House |
| 21:05 | Build | Farm |
| 21:05 | Build | Farm |
| 21:07 | Research | Gold Mining |
| 21:08 | Queue | Archer |
| 21:15 | Queue | Archer |
| 21:16 | Queue | Villager (Male) |
| 21:30 | Queue | Villager (Male) |
Build order — rono
First 150 of 608 actions detected
| 0:01 | Queue | Villager (Male) |
| 0:02 | Build | House |
| 0:02 | Build | House |
| 0:07 | Queue | Villager (Male) |
| 0:14 | Queue | Villager (Male) |
| 0:14 | Queue | Villager (Male) |
| 1:26 | Queue | Villager (Male) |
| 2:01 | Queue | Villager (Male) |
| 2:18 | Queue | Villager (Male) |
| 2:27 | Build | Lumber Camp |
| 2:46 | Queue | Villager (Male) |
| 3:07 | Queue | Villager (Male) |
| 3:43 | Queue | Villager (Male) |
| 3:43 | Queue | Villager (Male) |
| 3:55 | Build | House |
| 4:00 | Build | House |
| 4:03 | Queue | Villager (Male) |
| 4:48 | Build | Mill |
| 4:53 | Queue | Villager (Male) |
| 4:53 | Queue | Villager (Male) |
| 5:06 | Queue | Villager (Male) |
| 5:33 | Research | Loom |
| 6:18 | Research | Feudal Age |
| 7:19 | Build | Barracks |
| 7:54 | Build | House |
| 8:10 | Queue | Villager (Male) |
| 8:29 | Age | Feudal Age |
| 8:30 | Build | Stable |
| 8:40 | Research | Double-Bit Axe |
| 8:44 | Queue | Villager (Male) |
| 8:54 | Queue | Villager (Male) |
| 9:09 | Build | Farm |
| 9:12 | Queue | Scout Cavalry |
| 9:15 | Build | House |
| 9:27 | Queue | Villager (Male) |
| 9:29 | Build | Farm |
| 9:38 | Queue | Villager (Male) |
| 9:40 | Build | House |
| 10:00 | Queue | Villager (Male) |
| 10:02 | Build | Farm |
| 10:13 | Queue | Villager (Male) |
| 10:22 | Queue | Villager (Male) |
| 10:23 | Build | Farm |
| 10:25 | Build | House |
| 10:28 | Queue | Scout Cavalry |
| 10:36 | Build | Farm |
| 10:45 | Queue | Scout Cavalry |
| 10:53 | Build | Farm |
| 10:58 | Build | Palisade Wall |
| 11:10 | Queue | Scout Cavalry |
| 11:13 | Queue | Villager (Male) |
| 11:18 | Build | Farm |
| 11:30 | Queue | Scout Cavalry |
| 12:08 | Build | Blacksmith |
| 12:12 | Queue | Scout Cavalry |
| 12:17 | Queue | Villager (Male) |
| 12:21 | Queue | Villager (Male) |
| 12:23 | Build | Farm |
| 12:42 | Queue | Villager (Male) |
| 12:46 | Build | House |
| 12:50 | Build | Farm |
| 12:52 | Research | Scale Barding Armor |
| 12:58 | Build | Farm |
| 13:14 | Build | Palisade Wall |
| 13:21 | Build | Palisade Wall |
| 13:38 | Research | Bloodlines |
| 13:41 | Build | Farm |
| 13:45 | Build | House |
| 13:46 | Build | Palisade Wall |
| 13:51 | Queue | Villager (Male) |
| 14:10 | Build | House |
| 14:11 | Build | House |
| 14:17 | Queue | Villager (Male) |
| 14:31 | Queue | Villager (Male) |
| 14:34 | Build | Farm |
| 14:53 | Build | Farm |
| 14:56 | Build | Farm |
| 15:06 | Queue | Villager (Male) |
| 15:13 | Queue | Villager (Male) |
| 15:28 | Queue | Villager (Male) |
| 15:39 | Queue | Villager (Male) |
| 15:40 | Build | Mining Camp |
| 15:43 | Queue | Spearman |
| 15:43 | Queue | Spearman |
| 15:46 | Build | House |
| 15:48 | Build | House |
| 16:03 | Queue | Villager (Male) |
| 16:08 | Queue | Spearman |
| 16:10 | Build | Palisade Wall |
| 16:11 | Build | Palisade Wall |
| 16:16 | Queue | Villager (Male) |
| 16:19 | Queue | Spearman |
| 16:27 | Build | Farm |
| 16:34 | Queue | Villager (Male) |
| 16:40 | Queue | Villager (Male) |
| 16:53 | Queue | Spearman |
| 17:01 | Queue | Villager (Male) |
| 17:10 | Queue | Villager (Male) |
| 17:44 | Queue | Villager (Male) |
| 17:46 | Build | Palisade Wall |
| 17:57 | Queue | Villager (Male) |
| 18:00 | Build | Farm |
| 18:09 | Build | Farm |
| 18:19 | Queue | Villager (Male) |
| 18:55 | Build | Farm |
| 19:00 | Build | Farm |
| 19:14 | Build | Farm |
| 19:28 | Queue | Villager (Male) |
| 20:08 | Build | Farm |
| 20:10 | Research | Castle Age |
| 20:29 | Build | Farm |
| 21:05 | Research | Horse Collar |
| 21:49 | Build | Lumber Camp |
| 22:20 | Build | Lumber Camp |
| 22:25 | Queue | Villager (Male) |
| 22:36 | Queue | Villager (Male) |
| 22:45 | Build | Farm |
| 22:50 | Age | Castle Age |
| 22:52 | Queue | Knight |
| 22:53 | Research | Chain Barding Armor |
| 22:59 | Queue | Villager (Male) |
| 23:11 | Queue | Villager (Male) |
| 23:23 | Build | Stable |
| 23:27 | Research | Light Cavalry (upgrade) |
| 23:28 | Research | Husbandry |
| 23:43 | Queue | Knight |
| 23:49 | Queue | Villager (Male) |
| 23:55 | Queue | Knight |
| 24:13 | Queue | Knight |
| 24:16 | Queue | Villager (Male) |
| 24:18 | Queue | Knight |
| 24:19 | Build | Stable |
| 24:39 | Queue | Knight |
| 24:41 | Queue | Villager (Male) |
| 24:43 | Build | Farm |
| 24:43 | Build | Farm |
| 24:53 | Queue | Knight |
| 25:03 | Build | Town Center |
| 25:12 | Queue | Villager (Male) |
| 25:16 | Queue | Knight |
| 25:22 | Queue | Villager (Male) |
| 25:24 | Build | Farm |
| 25:26 | Build | Farm |
| 25:36 | Queue | Knight |
| 25:38 | Build | Farm |
| 25:44 | Queue | Knight |
| 25:50 | Queue | Knight |
| 26:02 | Build | Farm |
| 26:02 | Queue | Villager (Male) |
| 26:17 | Queue | Knight |
Build order — Eugenius
First 150 of 734 actions detected
| 0:01 | Queue | Villager (Male) |
| 0:01 | Queue | Villager (Male) |
| 0:02 | Build | House |
| 0:03 | Build | House |
| 0:11 | Queue | Villager (Male) |
| 0:11 | Queue | Villager (Male) |
| 1:04 | Queue | Villager (Male) |
| 1:05 | Queue | Villager (Male) |
| 1:05 | Queue | Villager (Male) |
| 1:28 | Queue | Villager (Male) |
| 1:28 | Queue | Villager (Male) |
| 2:01 | Build | Lumber Camp |
| 2:02 | Queue | Villager (Male) |
| 2:02 | Queue | Villager (Male) |
| 2:13 | Queue | Villager (Male) |
| 2:13 | Queue | Villager (Male) |
| 2:46 | Queue | Villager (Male) |
| 2:46 | Queue | Villager (Male) |
| 3:20 | Queue | Villager (Male) |
| 3:53 | Build | House |
| 3:57 | Queue | Villager (Male) |
| 3:57 | Queue | Villager (Male) |
| 4:08 | Queue | Villager (Male) |
| 4:09 | Queue | Villager (Male) |
| 4:50 | Queue | Villager (Male) |
| 5:06 | Queue | Villager (Male) |
| 5:35 | Build | Mining Camp |
| 5:44 | Research | Loom |
| 6:35 | Research | Feudal Age |
| 6:36 | Research | Feudal Age |
| 7:19 | Build | House |
| 7:53 | Build | Barracks |
| 8:51 | Age | Feudal Age |
| 8:55 | Build | Archery Range |
| 9:27 | Queue | Villager (Male) |
| 9:27 | Queue | Villager (Male) |
| 9:35 | Build | Archery Range |
| 9:37 | Queue | Archer |
| 9:43 | Build | Archery Range |
| 9:49 | Build | House |
| 9:53 | Build | Palisade Wall |
| 10:09 | Build | Palisade Wall |
| 10:11 | Queue | Villager (Male) |
| 10:13 | Queue | Archer |
| 10:27 | Queue | Archer |
| 10:28 | Queue | Villager (Male) |
| 10:35 | Research | Double-Bit Axe |
| 10:35 | Research | Double-Bit Axe |
| 10:40 | Build | Palisade Wall |
| 10:41 | Queue | Archer |
| 10:41 | Queue | Archer |
| 10:42 | Queue | Villager (Male) |
| 10:55 | Build | House |
| 10:59 | Queue | Archer |
| 10:59 | Queue | Archer |
| 11:06 | Build | Blacksmith |
| 11:22 | Queue | Villager (Male) |
| 11:38 | Queue | Villager (Male) |
| 11:43 | Queue | Villager (Male) |
| 11:46 | Build | Mill |
| 11:53 | Build | House |
| 11:56 | Queue | Archer |
| 12:16 | Queue | Villager (Male) |
| 12:23 | Research | Fletching |
| 12:31 | Queue | Archer |
| 12:31 | Queue | Archer |
| 12:34 | Build | House |
| 12:38 | Build | Farm |
| 12:40 | Queue | Villager (Male) |
| 12:41 | Queue | Villager (Male) |
| 12:43 | Build | Farm |
| 12:43 | Queue | Archer |
| 12:43 | Queue | Archer |
| 12:44 | Queue | Archer |
| 12:58 | Build | House |
| 12:59 | Build | House |
| 13:03 | Build | House |
| 13:15 | Queue | Villager (Male) |
| 13:18 | Build | House |
| 13:20 | Build | Palisade Wall |
| 13:21 | Build | Palisade Wall |
| 13:28 | Queue | Archer |
| 13:28 | Queue | Archer |
| 13:28 | Queue | Archer |
| 13:29 | Queue | Villager (Male) |
| 13:33 | Build | Palisade Wall |
| 13:34 | Build | Palisade Wall |
| 13:42 | Build | Farm |
| 13:45 | Queue | Villager (Male) |
| 14:05 | Build | House |
| 14:07 | Build | Palisade Wall |
| 14:19 | Queue | Villager (Male) |
| 14:21 | Build | Farm |
| 14:23 | Build | Palisade Wall |
| 14:26 | Build | Palisade Wall |
| 14:29 | Queue | Villager (Male) |
| 14:31 | Build | Farm |
| 14:32 | Queue | Villager (Male) |
| 14:32 | Queue | Villager (Male) |
| 14:58 | Queue | Archer |
| 14:59 | Queue | Archer |
| 14:59 | Queue | Archer |
| 15:09 | Queue | Villager (Male) |
| 15:10 | Queue | Archer |
| 15:10 | Queue | Archer |
| 15:16 | Queue | Villager (Male) |
| 15:20 | Build | Farm |
| 15:38 | Queue | Archer |
| 15:39 | Queue | Archer |
| 15:40 | Queue | Villager (Male) |
| 15:43 | Build | Farm |
| 15:49 | Build | House |
| 16:31 | Build | Farm |
| 16:33 | Build | Farm |
| 16:37 | Build | Farm |
| 16:38 | Build | Farm |
| 16:39 | Build | Farm |
| 16:40 | Queue | Archer |
| 16:40 | Queue | Archer |
| 16:44 | Queue | Archer |
| 16:44 | Queue | Archer |
| 16:44 | Queue | Archer |
| 16:45 | Queue | Villager (Male) |
| 16:57 | Build | Farm |
| 17:01 | Build | House |
| 17:16 | Build | Farm |
| 17:31 | Build | Farm |
| 17:39 | Build | House |
| 17:43 | Queue | Villager (Male) |
| 17:49 | Build | Farm |
| 18:03 | Build | Farm |
| 18:34 | Build | Farm |
| 18:36 | Research | Castle Age |
| 18:36 | Research | Castle Age |
| 18:37 | Queue | Archer |
| 18:37 | Queue | Archer |
| 18:38 | Queue | Archer |
| 18:39 | Queue | Archer |
| 19:18 | Research | Gold Mining |
| 19:18 | Research | Gold Mining |
| 19:20 | Research | Padded Archer Armor |
| 19:21 | Queue | Archer |
| 19:21 | Queue | Archer |
| 19:29 | Build | House |
| 19:47 | Queue | Archer |
| 19:48 | Queue | Archer |
| 19:59 | Research | Town Watch |
| 20:11 | Build | Lumber Camp |
| 21:03 | Build | House |
| 21:10 | Queue | Villager (Male) |
Build order — Oni.TaToH
First 150 of 719 actions detected
| 0:00 | Queue | Villager (Male) ×4 |
| 0:02 | Build | House |
| 0:02 | Build | House |
| 1:25 | Queue | Villager (Male) |
| 1:58 | Queue | Villager (Male) |
| 1:58 | Queue | Villager (Male) |
| 2:08 | Build | Lumber Camp |
| 2:19 | Queue | Villager (Male) |
| 2:41 | Queue | Villager (Male) |
| 3:01 | Queue | Villager (Male) |
| 3:27 | Queue | Villager (Male) |
| 3:33 | Queue | Villager (Male) |
| 3:36 | Build | House |
| 3:37 | Build | House |
| 3:59 | Queue | Villager (Male) |
| 4:12 | Queue | Villager (Male) |
| 4:39 | Queue | Villager (Male) |
| 4:40 | Build | Mill |
| 5:36 | Queue | Villager (Male) |
| 6:01 | Research | Loom |
| 6:31 | Research | Feudal Age |
| 6:32 | Research | Feudal Age |
| 7:07 | Build | House |
| 7:31 | Build | Palisade Wall |
| 7:35 | Build | Barracks |
| 8:08 | Queue | Villager (Male) |
| 8:51 | Age | Feudal Age |
| 8:53 | Build | Stable |
| 8:58 | Queue | Villager (Male) |
| 9:04 | Research | Double-Bit Axe |
| 9:14 | Queue | Villager (Male) |
| 9:27 | Research | Horse Collar |
| 9:33 | Queue | Villager (Male) |
| 9:37 | Queue | Scout Cavalry |
| 9:40 | Build | Farm |
| 9:44 | Build | Farm |
| 10:02 | Queue | Villager (Male) |
| 10:09 | Queue | Villager (Male) |
| 10:16 | Build | Farm |
| 10:25 | Queue | Scout Cavalry |
| 10:27 | Build | House |
| 10:30 | Queue | Villager (Male) |
| 10:32 | Build | Farm |
| 10:45 | Queue | Villager (Male) |
| 10:59 | Build | Palisade Wall |
| 11:02 | Build | Palisade Wall |
| 11:03 | Queue | Scout Cavalry |
| 11:05 | Build | Farm |
| 11:07 | Build | Farm |
| 11:22 | Queue | Villager (Male) |
| 11:26 | Build | Palisade Wall |
| 11:32 | Build | Farm |
| 11:39 | Queue | Scout Cavalry |
| 11:43 | Build | Palisade Wall |
| 11:57 | Build | Farm |
| 12:20 | Queue | Villager (Male) |
| 12:29 | Build | House |
| 12:38 | Queue | Villager (Male) |
| 12:41 | Build | Farm |
| 12:42 | Build | Farm |
| 12:47 | Research | Wheelbarrow |
| 12:57 | Build | House |
| 13:23 | Queue | Villager (Male) |
| 13:26 | Build | House |
| 13:35 | Queue | Villager (Male) |
| 14:01 | Build | Blacksmith |
| 14:25 | Queue | Villager (Male) |
| 14:36 | Build | Mining Camp |
| 14:39 | Build | Farm |
| 15:06 | Queue | Villager (Male) |
| 15:28 | Queue | Villager (Male) |
| 15:33 | Build | Stone Wall |
| 15:36 | Build | Market |
| 15:39 | Build | Market |
| 15:41 | Build | Stone Wall |
| 15:44 | Queue | Villager (Male) |
| 15:48 | Build | Stone Wall |
| 16:12 | Queue | Villager (Male) |
| 16:33 | Build | Stone Wall |
| 16:36 | Build | Stone Wall |
| 16:38 | Queue | Villager (Male) |
| 16:46 | Build | Market |
| 17:11 | Research | Castle Age |
| 17:16 | Build | Lumber Camp |
| 17:39 | Build | Stone Wall |
| 17:41 | Build | Stone Wall |
| 17:45 | Build | Stone Wall |
| 17:51 | Research | Scale Barding Armor |
| 18:54 | Research | Gold Mining |
| 18:59 | Build | Stable |
| 19:39 | Build | Farm |
| 19:40 | Build | Farm |
| 20:02 | Age | Castle Age |
| 20:04 | Queue | Knight |
| 20:05 | Queue | Knight |
| 20:05 | Queue | Villager (Male) |
| 20:06 | Research | Bow Saw |
| 20:19 | Queue | Villager (Male) |
| 20:33 | Queue | Knight |
| 20:41 | Build | House |
| 20:46 | Build | Gate |
| 20:49 | Research | Husbandry |
| 20:49 | Queue | Knight |
| 20:52 | Queue | Villager (Male) |
| 21:05 | Build | Farm |
| 21:13 | Queue | Knight |
| 21:15 | Queue | Villager (Male) |
| 21:31 | Queue | Knight |
| 21:43 | Queue | Villager (Male) |
| 21:49 | Queue | Villager (Male) |
| 22:00 | Queue | Knight |
| 22:00 | Queue | Knight |
| 22:04 | Build | House |
| 22:05 | Build | House |
| 22:26 | Queue | Knight |
| 22:31 | Queue | Villager (Male) |
| 22:50 | Build | Town Center |
| 23:01 | Queue | Knight |
| 23:15 | Queue | Villager (Male) |
| 23:27 | Queue | Knight |
| 23:37 | Queue | Villager (Male) |
| 23:47 | Research | Forging |
| 23:53 | Build | Mining Camp |
| 23:55 | Queue | Villager (Male) |
| 24:01 | Queue | Villager (Male) |
| 24:10 | Queue | Villager (Male) |
| 24:17 | Queue | Villager (Male) |
| 24:18 | Build | Farm |
| 24:35 | Queue | Knight |
| 24:38 | Queue | Villager (Male) |
| 24:39 | Build | Farm |
| 24:39 | Build | Farm |
| 24:40 | Build | Farm |
| 24:40 | Build | Farm |
| 24:47 | Queue | Villager (Male) |
| 24:49 | Build | Farm |
| 24:50 | Build | Farm |
| 24:57 | Build | Farm |
| 24:57 | Queue | Villager (Male) |
| 25:10 | Queue | Villager (Male) |
| 25:18 | Queue | Knight |
| 25:22 | Queue | Camel Scout |
| 25:25 | Queue | Villager (Male) |
| 25:26 | Build | House |
| 25:30 | Build | House |
| 25:40 | Queue | Villager (Male) |
| 25:52 | Queue | Villager (Male) |
| 25:57 | Queue | Camel Scout |
| 26:02 | Queue | Villager (Male) |
| 26:07 | Build | Town Center |
Build order — BSL | Dragonstar
First 150 of 868 actions detected
| 0:01 | Queue | Villager (Male) |
| 0:02 | Build | House |
| 0:03 | Build | House |
| 0:06 | Queue | Villager (Male) |
| 0:06 | Queue | Villager (Male) |
| 0:07 | Queue | Villager (Male) |
| 0:07 | Queue | Villager (Male) |
| 1:15 | Queue | Villager (Male) |
| 1:16 | Queue | Villager (Male) |
| 1:36 | Queue | Villager (Male) |
| 1:36 | Queue | Villager (Male) |
| 2:05 | Queue | Villager (Male) |
| 2:24 | Queue | Villager (Male) |
| 2:25 | Queue | Villager (Male) |
| 2:37 | Build | Lumber Camp |
| 2:53 | Queue | Villager (Male) |
| 3:02 | Queue | Villager (Male) |
| 3:02 | Queue | Villager (Male) |
| 3:38 | Queue | Villager (Male) |
| 3:44 | Queue | Villager (Male) |
| 3:54 | Build | House |
| 4:27 | Queue | Villager (Male) |
| 4:30 | Queue | Villager (Male) |
| 4:31 | Queue | Villager (Male) |
| 4:31 | Queue | Villager (Male) |
| 5:29 | Build | Mill |
| 5:30 | Queue | Villager (Male) |
| 6:15 | Research | Feudal Age |
| 6:40 | Build | Lumber Camp |
| 6:56 | Research | Loom |
| 6:59 | Queue | Villager (Male) |
| 7:52 | Build | Barracks |
| 8:26 | Age | Feudal Age |
| 8:39 | Build | Stable |
| 8:49 | Research | Double-Bit Axe |
| 8:49 | Research | Double-Bit Axe |
| 8:54 | Queue | Villager (Male) |
| 9:09 | Queue | Villager (Male) |
| 9:21 | Build | House |
| 9:22 | Build | House |
| 9:23 | Queue | Scout Cavalry |
| 9:23 | Queue | Scout Cavalry |
| 9:28 | Build | House |
| 9:32 | Build | House |
| 9:46 | Build | Palisade Wall |
| 9:51 | Build | Palisade Wall |
| 9:54 | Build | Palisade Wall |
| 9:55 | Build | Palisade Wall |
| 10:03 | Queue | Villager (Male) |
| 10:10 | Build | Palisade Wall |
| 10:12 | Build | Palisade Wall |
| 10:12 | Build | Palisade Wall |
| 10:15 | Queue | Scout Cavalry |
| 10:28 | Build | Palisade Wall |
| 10:29 | Build | House |
| 10:32 | Build | Palisade Wall |
| 10:34 | Build | Palisade Wall |
| 10:36 | Build | Palisade Wall |
| 10:38 | Queue | Villager (Male) |
| 10:41 | Queue | Scout Cavalry |
| 10:50 | Queue | Villager (Male) |
| 10:56 | Research | Horse Collar |
| 11:03 | Queue | Villager (Male) |
| 11:03 | Queue | Villager (Male) |
| 11:03 | Queue | Villager (Male) |
| 11:08 | Build | Farm |
| 11:10 | Build | Farm |
| 11:21 | Queue | Villager (Male) |
| 11:21 | Queue | Villager (Male) |
| 11:24 | Build | Farm |
| 11:39 | Queue | Villager (Male) |
| 11:42 | Build | Farm |
| 12:08 | Queue | Scout Cavalry |
| 12:08 | Queue | Scout Cavalry |
| 12:15 | Queue | Villager (Male) |
| 12:17 | Build | Farm |
| 12:24 | Build | Farm |
| 12:46 | Queue | Villager (Male) |
| 13:02 | Queue | Villager (Male) |
| 13:05 | Queue | Villager (Male) |
| 13:07 | Build | Farm |
| 13:07 | Build | Farm |
| 13:08 | Build | Farm |
| 13:09 | Build | Farm |
| 13:17 | Queue | Villager (Male) |
| 13:42 | Queue | Villager (Male) |
| 13:48 | Build | Farm |
| 13:55 | Queue | Villager (Male) |
| 13:56 | Build | Farm |
| 13:57 | Build | Farm |
| 13:57 | Build | Farm |
| 14:07 | Queue | Scout Cavalry |
| 14:28 | Queue | Scout Cavalry |
| 14:40 | Queue | Villager (Male) |
| 14:42 | Build | Blacksmith |
| 14:49 | Queue | Scout Cavalry |
| 15:07 | Queue | Scout Cavalry |
| 15:09 | Queue | Villager (Male) |
| 15:14 | Build | Farm |
| 15:27 | Research | Scale Barding Armor |
| 15:27 | Research | Scale Barding Armor |
| 15:38 | Queue | Villager (Male) |
| 15:54 | Queue | Scout Cavalry |
| 15:56 | Queue | Villager (Male) |
| 15:58 | Build | Farm |
| 16:07 | Queue | Villager (Male) |
| 16:10 | Build | Farm |
| 16:13 | Build | Mining Camp |
| 16:21 | Build | Farm |
| 16:24 | Queue | Scout Cavalry |
| 16:29 | Build | House |
| 16:31 | Build | House |
| 16:42 | Research | Forging |
| 16:43 | Research | Forging |
| 16:51 | Queue | Villager (Male) |
| 16:56 | Build | Farm |
| 17:14 | Queue | Villager (Male) |
| 17:24 | Queue | Villager (Male) |
| 17:25 | Queue | Scout Cavalry |
| 17:35 | Queue | Scout Cavalry |
| 17:45 | Research | Wheelbarrow |
| 17:46 | Research | Wheelbarrow |
| 17:46 | Research | Wheelbarrow |
| 17:55 | Build | Farm |
| 18:02 | Build | Market |
| 18:10 | Build | Stable |
| 18:21 | Queue | Scout Cavalry |
| 18:22 | Queue | Villager (Male) |
| 18:29 | Build | House |
| 18:29 | Build | House |
| 18:30 | Build | House |
| 18:40 | Build | House |
| 18:41 | Build | House |
| 18:54 | Queue | Villager (Male) |
| 19:32 | Research | Castle Age |
| 19:32 | Research | Castle Age |
| 19:58 | Queue | Scout Cavalry |
| 19:59 | Queue | Scout Cavalry |
| 20:04 | Build | House |
| 20:12 | Queue | Scout Cavalry |
| 20:13 | Queue | Scout Cavalry |
| 20:13 | Queue | Scout Cavalry |
| 20:13 | Queue | Scout Cavalry |
| 21:26 | Research | Gold Mining |
| 22:12 | Age | Castle Age |
| 22:14 | Queue | Villager (Male) |
| 22:16 | Queue | Unit 1944 |
| 22:16 | Queue | Unit 1944 |
| 22:16 | Research | Husbandry |
| 22:22 | Research | Light Cavalry (upgrade) |
Build order — [R1] Pume
First 150 of 672 actions detected
| 0:01 | Queue | Villager (Male) |
| 0:01 | Queue | Villager (Male) |
| 0:02 | Build | House |
| 0:02 | Queue | Villager (Male) |
| 0:03 | Build | House |
| 0:05 | Queue | Villager (Male) |
| 1:24 | Queue | Villager (Male) |
| 1:45 | Build | Lumber Camp |
| 2:00 | Queue | Villager (Male) |
| 2:21 | Queue | Villager (Male) |
| 2:57 | Queue | Villager (Male) |
| 3:16 | Queue | Villager (Male) |
| 3:18 | Queue | Villager (Male) |
| 3:57 | Build | House |
| 3:58 | Build | House |
| 4:10 | Queue | Villager (Male) |
| 4:22 | Queue | Villager (Male) |
| 4:24 | Queue | Villager (Male) |
| 4:47 | Queue | Villager (Male) |
| 4:56 | Queue | Villager (Male) |
| 5:06 | Queue | Villager (Male) |
| 5:20 | Build | Mining Camp |
| 5:45 | Queue | Villager (Male) |
| 5:52 | Queue | Villager (Male) |
| 6:11 | Research | Loom |
| 6:16 | Queue | Villager (Male) |
| 6:23 | Queue | Villager (Male) |
| 7:04 | Research | Feudal Age |
| 7:46 | Queue | Villager (Male) |
| 8:15 | Build | Barracks |
| 8:16 | Build | House |
| 8:17 | Build | Palisade Wall |
| 8:57 | Queue | Villager (Male) |
| 9:07 | Queue | Villager (Male) |
| 9:18 | Queue | Villager (Male) |
| 9:18 | Age | Feudal Age |
| 9:21 | Queue | Villager (Male) |
| 9:23 | Build | Archery Range |
| 9:27 | Build | Archery Range |
| 9:42 | Queue | Villager (Male) |
| 10:16 | Build | Blacksmith |
| 10:21 | Queue | Archer |
| 10:21 | Queue | Archer |
| 10:30 | Queue | Archer |
| 10:39 | Build | House |
| 10:44 | Queue | Archer |
| 10:48 | Queue | Archer |
| 10:50 | Queue | Villager (Male) |
| 10:59 | Queue | Archer |
| 11:00 | Build | House |
| 11:12 | Research | Fletching |
| 11:22 | Queue | Villager (Male) |
| 11:43 | Queue | Archer |
| 12:01 | Queue | Villager (Male) |
| 12:05 | Queue | Archer |
| 12:15 | Queue | Villager (Male) |
| 12:33 | Queue | Archer |
| 12:36 | Queue | Archer |
| 12:42 | Build | Mill |
| 12:50 | Build | Outpost |
| 12:56 | Queue | Archer |
| 13:03 | Queue | Villager (Male) |
| 13:05 | Build | Farm |
| 13:07 | Build | Farm |
| 13:12 | Build | House |
| 13:14 | Build | Palisade Wall |
| 13:15 | Build | Palisade Wall |
| 13:22 | Build | Farm |
| 13:24 | Queue | Archer |
| 13:30 | Queue | Villager (Male) |
| 13:31 | Build | Palisade Wall |
| 13:34 | Build | House |
| 13:49 | Queue | Archer |
| 13:59 | Queue | Villager (Male) |
| 14:00 | Queue | Archer |
| 14:09 | Queue | Villager (Male) |
| 14:22 | Queue | Archer |
| 14:23 | Queue | Archer |
| 14:32 | Queue | Archer |
| 14:33 | Queue | Archer |
| 14:42 | Queue | Villager (Male) |
| 14:51 | Build | Farm |
| 14:54 | Queue | Archer |
| 14:55 | Queue | Archer |
| 15:15 | Queue | Archer |
| 15:15 | Queue | Archer |
| 15:15 | Queue | Villager (Male) |
| 15:16 | Queue | Villager (Male) |
| 15:28 | Queue | Villager (Male) |
| 15:40 | Queue | Archer |
| 15:52 | Queue | Archer |
| 15:52 | Queue | Villager (Male) |
| 15:59 | Queue | Villager (Male) |
| 16:01 | Build | Farm |
| 16:02 | Build | Farm |
| 16:03 | Build | Farm |
| 16:07 | Queue | Villager (Male) |
| 16:15 | Research | Double-Bit Axe |
| 16:21 | Build | Palisade Wall |
| 16:31 | Queue | Archer |
| 16:31 | Queue | Archer |
| 16:34 | Queue | Villager (Male) |
| 16:38 | Build | Palisade Wall |
| 16:40 | Queue | Villager (Male) |
| 16:42 | Build | Palisade Wall |
| 16:54 | Queue | Archer |
| 16:54 | Queue | Archer |
| 16:55 | Queue | Villager (Male) |
| 17:08 | Queue | Archer |
| 17:08 | Queue | Villager (Male) |
| 17:13 | Queue | Villager (Male) |
| 17:18 | Build | Farm |
| 17:24 | Queue | Archer |
| 17:29 | Build | House |
| 17:30 | Build | Palisade Wall |
| 17:36 | Queue | Archer |
| 17:48 | Queue | Villager (Male) |
| 17:51 | Build | Farm |
| 17:54 | Build | House |
| 17:56 | Build | Palisade Wall |
| 18:11 | Build | Palisade Wall |
| 18:16 | Queue | Archer |
| 18:16 | Queue | Archer |
| 18:28 | Queue | Archer |
| 18:33 | Research | Town Watch |
| 18:39 | Build | Farm |
| 18:47 | Queue | Archer |
| 19:07 | Build | Lumber Camp |
| 19:10 | Queue | Villager (Male) |
| 19:18 | Queue | Archer |
| 19:25 | Queue | Villager (Male) |
| 19:29 | Queue | Archer |
| 19:30 | Queue | Villager (Male) |
| 19:55 | Build | Market |
| 20:01 | Queue | Archer |
| 20:01 | Queue | Archer |
| 20:13 | Build | Mining Camp |
| 20:37 | Queue | Archer |
| 20:46 | Build | House |
| 20:47 | Build | House |
| 20:55 | Research | Castle Age |
| 21:07 | Queue | Archer |
| 21:07 | Queue | Archer |
| 21:20 | Research | Horse Collar |
| 21:30 | Queue | Archer |
| 21:43 | Queue | Archer |
| 21:47 | Build | House |
| 21:50 | Research | Gold Mining |
| 21:56 | Queue | Archer |
| 21:57 | Queue | Archer |
Match timeline
| 5:23 | [R1] PoXoLo · wall_segment Palisade Wall x7 |
| 6:54 | BSL | Dr.Kozmonot · first_building Barracks |
| 7:04 | BSL | Dr.Kozmonot · wall_segment Palisade Wall x3 |
| 7:07 | BSL | Dr.Kozmonot · wall_segment Palisade Wall x1 |
| 7:16 | [R1] PoXoLo · first_building Barracks |
| 7:19 | rono · first_building Barracks |
| 7:31 | Oni.TaToH · wall_segment Palisade Wall x6 |
| 7:35 | Oni.TaToH · first_building Barracks |
| 7:46 | [R1] 12Tirador · first_building Barracks |
| 7:51 | [R1] 12Tirador · wall_segment Palisade Wall x3 |
| 7:52 | BSL | Dragonstar · first_building Barracks |
| 7:53 | Eugenius · first_building Barracks |
| 8:03 | [R1] 12Tirador · wall_segment Palisade Wall x6 |
| 8:03 | BSL | Dr.Kozmonot · wall_segment Palisade Wall x1 |
| 8:04 | BSL | Dr.Kozmonot · wall_segment Palisade Wall x1 |
| 8:06 | BSL | Dr.Kozmonot · wall_segment Palisade Wall x1 |
| 8:15 | [R1] Pume · first_building Barracks |
| 8:17 | BSL | Dr.Kozmonot · wall_segment Palisade Wall x1 |
| 8:17 | [R1] Pume · wall_segment Palisade Wall x1 |
| 8:26 | BSL | Dr.Kozmonot · age_up feudal |
| 8:26 | BSL | Dragonstar · age_up feudal |
| 8:27 | BSL | Dr.Kozmonot · first_building Archery Range |
| 8:29 | rono · age_up feudal |
| 8:30 | rono · first_building Stable |
| 8:32 | [R1] 12Tirador · age_up feudal |
| 8:39 | BSL | Dragonstar · first_building Stable |
| 8:51 | Oni.TaToH · age_up feudal |
| 8:51 | Eugenius · age_up feudal |
| 8:53 | Oni.TaToH · first_building Stable |
| 8:54 | [R1] PoXoLo · age_up feudal |
| 8:55 | Eugenius · first_building Archery Range |
| 8:57 | [R1] PoXoLo · first_building Stable |
| 9:00 | [R1] 12Tirador · first_building Archery Range |
| 9:18 | [R1] Pume · age_up feudal |
| 9:23 | [R1] Pume · first_building Archery Range |
| 9:44 | [R1] 12Tirador · wall_segment Palisade Wall x9 |
| 9:46 | BSL | Dragonstar · wall_segment Palisade Wall x4 |
| 9:46 | [R1] PoXoLo · wall_segment Palisade Wall x5 |
| 9:51 | BSL | Dragonstar · wall_segment Palisade Wall x3 |
| 9:53 | Eugenius · wall_segment Palisade Wall x1 |
| 9:54 | BSL | Dragonstar · wall_segment Palisade Wall x10 |
| 9:55 | BSL | Dragonstar · wall_segment Palisade Wall x4 |
| 10:09 | Eugenius · wall_segment Palisade Wall x1 |
| 10:10 | BSL | Dragonstar · wall_segment Palisade Wall x3 |
| 10:12 | BSL | Dragonstar · wall_segment Palisade Wall x15 |
| 10:12 | BSL | Dragonstar · wall_segment Palisade Wall x1 |
| 10:28 | BSL | Dragonstar · wall_segment Palisade Wall x3 |
| 10:32 | BSL | Dragonstar · wall_segment Palisade Wall x2 |
| 10:34 | BSL | Dragonstar · wall_segment Palisade Wall x2 |
| 10:36 | BSL | Dragonstar · wall_segment Palisade Wall x7 |
| 10:40 | Eugenius · wall_segment Palisade Wall x1 |
| 10:58 | rono · wall_segment Palisade Wall x4 |
| 10:59 | Oni.TaToH · wall_segment Palisade Wall x1 |
| 11:02 | Oni.TaToH · wall_segment Palisade Wall x5 |
| 11:26 | Oni.TaToH · wall_segment Palisade Wall x18 |
| 11:43 | Oni.TaToH · wall_segment Palisade Wall x15 |
| 12:25 | [R1] 12Tirador · wall_segment Palisade Wall x20 |
| 12:45 | [R1] 12Tirador · wall_segment Palisade Wall x1 |
| 12:49 | [R1] 12Tirador · wall_segment Palisade Wall x3 |
| 13:14 | rono · wall_segment Palisade Wall x12 |
| 13:14 | [R1] Pume · wall_segment Palisade Wall x3 |
| 13:15 | [R1] Pume · wall_segment Palisade Wall x4 |
| 13:20 | Eugenius · wall_segment Palisade Wall x10 |
| 13:21 | rono · wall_segment Palisade Wall x6 |
| 13:21 | Eugenius · wall_segment Palisade Wall x10 |
| 13:31 | [R1] Pume · wall_segment Palisade Wall x1 |
| 13:33 | Eugenius · wall_segment Palisade Wall x2 |
| 13:34 | Eugenius · wall_segment Palisade Wall x6 |
| 13:37 | [R1] PoXoLo · wall_segment Palisade Wall x16 |
| 13:38 | [R1] 12Tirador · wall_segment Palisade Wall x20 |
| 13:46 | rono · wall_segment Palisade Wall x7 |
| 14:07 | Eugenius · wall_segment Palisade Wall x6 |
| 14:23 | Eugenius · wall_segment Palisade Wall x5 |
| 14:26 | Eugenius · wall_segment Palisade Wall x7 |
| 15:22 | [R1] 12Tirador · wall_segment Palisade Wall x2 |
| 15:33 | Oni.TaToH · wall_segment Stone Wall x3 |
| 15:41 | Oni.TaToH · wall_segment Stone Wall x4 |
| 15:48 | Oni.TaToH · wall_segment Stone Wall x3 |
| 16:10 | rono · wall_segment Palisade Wall x1 |
| 16:11 | rono · wall_segment Palisade Wall x1 |
| 16:15 | [R1] PoXoLo · wall_segment Palisade Wall x11 |
| 16:21 | [R1] Pume · wall_segment Palisade Wall x1 |
| 16:33 | Oni.TaToH · wall_segment Stone Wall x6 |
| 16:36 | Oni.TaToH · wall_segment Stone Wall x1 |
| 16:38 | [R1] Pume · wall_segment Palisade Wall x10 |
| 16:42 | [R1] Pume · wall_segment Palisade Wall x9 |
| 17:10 | Oni.TaToH · first_market_sell 100 wood |
| 17:16 | [R1] PoXoLo · wall_segment Palisade Wall x1 |
| 17:30 | [R1] Pume · wall_segment Palisade Wall x1 |
| 17:33 | [R1] 12Tirador · wall_segment Palisade Wall x1 |
| 17:39 | Oni.TaToH · wall_segment Stone Wall x4 |
| 17:41 | Oni.TaToH · wall_segment Stone Wall x2 |
| 17:45 | Oni.TaToH · wall_segment Stone Wall x10 |
| 17:46 | rono · wall_segment Palisade Wall x8 |
| 17:56 | [R1] Pume · wall_segment Palisade Wall x5 |
| 18:09 | [R1] PoXoLo · wall_segment Palisade Wall x4 |
| 18:11 | [R1] Pume · wall_segment Palisade Wall x1 |
| 19:21 | [R1] 12Tirador · first_market_buy 100 food |
| 19:21 | BSL | Dragonstar · first_market_sell 100 wood |
| 19:21 | BSL | Dragonstar · first_market_buy 100 food |
| 19:25 | [R1] 12Tirador · first_market_sell 100 wood |
| 19:39 | BSL | Dr.Kozmonot · wall_segment Palisade Wall x1 |
| 20:02 | Oni.TaToH · age_up castle |
| 20:49 | [R1] Pume · first_market_sell 100 stone |
| 20:50 | [R1] 12Tirador · wall_segment Stone Wall x7 |
| 20:51 | [R1] Pume · first_market_buy 100 food |
| 20:52 | [R1] 12Tirador · wall_segment Stone Wall x1 |
| 20:53 | [R1] 12Tirador · wall_segment Stone Wall x1 |
| 21:13 | [R1] PoXoLo · wall_segment Palisade Wall x3 |
| 21:13 | [R1] PoXoLo · wall_segment Palisade Wall x1 |
| 21:16 | Eugenius · age_up castle |
| 21:17 | Oni.TaToH · first_market_buy 100 stone |
| 22:02 | [R1] 12Tirador · wall_segment Stone Wall x1 |
| 22:05 | [R1] Pume · wall_segment Palisade Wall x1 |
| 22:12 | BSL | Dragonstar · age_up castle |
| 22:20 | BSL | Dr.Kozmonot · age_up castle |
| 22:43 | [R1] PoXoLo · age_up castle |
| 22:48 | [R1] PoXoLo · first_market_sell 100 food |
| 22:50 | rono · age_up castle |
| 22:57 | [R1] PoXoLo · wall_segment Palisade Wall x1 |
| 22:59 | [R1] 12Tirador · age_up castle |
| 23:35 | [R1] Pume · age_up castle |
| 24:22 | Eugenius · wall_segment Palisade Wall x2 |
| 25:50 | BSL | Dr.Kozmonot · wall_segment Palisade Wall x1 |
| 27:09 | [R1] 12Tirador · first_building Monastery |
| 28:32 | [R1] PoXoLo · first_market_buy 100 stone |
| 29:48 | Oni.TaToH · first_building Monastery |
| 31:00 | BSL | Dr.Kozmonot · first_building Monastery |
| 31:34 | rono · wall_segment Palisade Wall x1 |
| 31:47 | BSL | Dragonstar · first_building Monastery |
| 33:25 | rono · wall_segment Palisade Wall x1 |
| 33:54 | Eugenius · first_building Monastery |
| 34:08 | BSL | Dragonstar · first_building Castle |
| 34:32 | BSL | Dr.Kozmonot · age_up imperial |
| 34:49 | rono · first_building Monastery |
| 35:12 | Eugenius · first_building Stable |
| 35:18 | Oni.TaToH · age_up imperial |
| 35:30 | [R1] PoXoLo · wall_segment Palisade Wall x1 |
| 36:31 | BSL | Dragonstar · age_up imperial |
| 36:48 | Oni.TaToH · first_building Castle |
| 36:48 | rono · first_building Castle |
| 36:49 | [R1] Pume · wall_segment Stone Wall x1 |
| 36:50 | [R1] Pume · wall_segment Stone Wall x1 |
| 36:52 | [R1] Pume · wall_segment Stone Wall x1 |
| 36:53 | [R1] Pume · wall_segment Stone Wall x1 |
| 36:56 | BSL | Dr.Kozmonot · first_building Siege Workshop |
| 36:56 | [R1] Pume · wall_segment Stone Wall x1 |
| 36:57 | [R1] Pume · wall_segment Stone Wall x1 |
| 36:58 | [R1] Pume · wall_segment Stone Wall x1 |
| 37:20 | [R1] 12Tirador · age_up imperial |
| 37:28 | Eugenius · first_market_sell 100 food |
| 37:32 | Eugenius · age_up imperial |
| 38:10 | [R1] PoXoLo · first_building Monastery |
| 39:46 | BSL | Dr.Kozmonot · first_building Castle |
| 39:51 | Oni.TaToH · wall_segment Stone Wall x1 |
| 39:57 | Oni.TaToH · wall_segment Stone Wall x1 |
| 39:58 | Oni.TaToH · wall_segment Stone Wall x1 |
| 40:00 | Oni.TaToH · wall_segment Stone Wall x1 |
| 40:05 | Eugenius · first_building Castle |
| 40:21 | Oni.TaToH · wall_segment Stone Wall x1 |
| 41:01 | rono · age_up imperial |
| 41:48 | [R1] 12Tirador · first_building Castle |
| 42:16 | [R1] PoXoLo · age_up imperial |
| 42:44 | rono · first_market_sell 500 wood |
| 42:58 | BSL | Dr.Kozmonot · wall_segment Stone Wall x1 |
| 42:59 | BSL | Dr.Kozmonot · wall_segment Stone Wall x1 |
| 43:02 | BSL | Dr.Kozmonot · wall_segment Stone Wall x1 |
| 43:14 | BSL | Dr.Kozmonot · wall_segment Stone Wall x1 |
| 43:15 | BSL | Dr.Kozmonot · wall_segment Stone Wall x1 |
| 43:16 | BSL | Dr.Kozmonot · wall_segment Stone Wall x1 |
| 44:24 | BSL | Dragonstar · wall_segment Stone Wall x1 |
| 44:26 | BSL | Dragonstar · wall_segment Palisade Wall x1 |
| 44:28 | BSL | Dragonstar · wall_segment Palisade Wall x1 |
| 44:31 | BSL | Dragonstar · wall_segment Palisade Wall x1 |
| 44:45 | Eugenius · first_building Siege Workshop |
| 45:02 | [R1] PoXoLo · tribute_sent a jugador 1 |
| 45:02 | [R1] PoXoLo · tribute_sent a jugador 2 |
| 45:02 | [R1] PoXoLo · tribute_sent a jugador 3 |
| 45:02 | [R1] PoXoLo · tribute_sent a jugador 5 |
| 45:02 | [R1] PoXoLo · tribute_sent a jugador 6 |
| 45:02 | [R1] PoXoLo · tribute_sent a jugador 7 |
| 45:02 | [R1] PoXoLo · tribute_sent a jugador 8 |
| 45:06 | [R1] Pume · first_building Monastery |
| 45:09 | BSL | Dr.Kozmonot · wall_segment Stone Wall x1 |
| 45:22 | BSL | Dr.Kozmonot · first_market_sell 100 food |
| 45:31 | [R1] PoXoLo · first_building Castle |
| 45:37 | BSL | Dr.Kozmonot · wall_segment Stone Wall x1 |
| 45:38 | [R1] 12Tirador · first_building Siege Workshop |
| 45:41 | BSL | Dr.Kozmonot · wall_segment Stone Wall x1 |
| 46:31 | BSL | Dr.Kozmonot · tribute_sent a jugador 2 |
| 46:31 | BSL | Dr.Kozmonot · tribute_sent a jugador 3 |
| 46:31 | BSL | Dr.Kozmonot · tribute_sent a jugador 4 |
| 46:31 | BSL | Dr.Kozmonot · tribute_sent a jugador 5 |
| 46:31 | BSL | Dr.Kozmonot · tribute_sent a jugador 6 |
| 46:31 | BSL | Dr.Kozmonot · tribute_sent a jugador 7 |
| 46:31 | BSL | Dr.Kozmonot · tribute_sent a jugador 8 |
| 47:00 | Oni.TaToH · tribute_sent a jugador 1 |
| 47:00 | Oni.TaToH · tribute_sent a jugador 2 |
| 47:00 | Oni.TaToH · tribute_sent a jugador 3 |
| 47:00 | Oni.TaToH · tribute_sent a jugador 4 |
| 47:00 | Oni.TaToH · tribute_sent a jugador 5 |
| 47:00 | Oni.TaToH · tribute_sent a jugador 7 |
| 47:00 | Oni.TaToH · tribute_sent a jugador 8 |
| 47:55 | [R1] 12Tirador · wall_segment Stone Wall x18 |
| 48:02 | BSL | Dragonstar · tribute_sent a jugador 1 |
| 48:02 | BSL | Dragonstar · tribute_sent a jugador 2 |
| 48:02 | BSL | Dragonstar · tribute_sent a jugador 3 |
| 48:02 | BSL | Dragonstar · tribute_sent a jugador 4 |
| 48:02 | BSL | Dragonstar · tribute_sent a jugador 5 |
| 48:02 | BSL | Dragonstar · tribute_sent a jugador 6 |
| 48:02 | BSL | Dragonstar · tribute_sent a jugador 8 |
| 48:17 | Oni.TaToH · tribute_sent a jugador 1 |
| 48:17 | Oni.TaToH · tribute_sent a jugador 2 |
| 48:17 | Oni.TaToH · tribute_sent a jugador 3 |
| 48:17 | Oni.TaToH · tribute_sent a jugador 4 |
| 48:17 | Oni.TaToH · tribute_sent a jugador 5 |
| 48:17 | Oni.TaToH · tribute_sent a jugador 7 |
| 48:17 | Oni.TaToH · tribute_sent a jugador 8 |
| 49:14 | [R1] Pume · wall_segment Stone Wall x10 |
| 49:17 | [R1] Pume · wall_segment Stone Wall x4 |
| 49:31 | BSL | Dr.Kozmonot · wall_segment Stone Wall x1 |
| 49:44 | Oni.TaToH · tribute_sent a jugador 1 |
| 49:44 | Oni.TaToH · tribute_sent a jugador 2 |
| 49:44 | Oni.TaToH · tribute_sent a jugador 3 |
| 49:44 | Oni.TaToH · tribute_sent a jugador 4 |
| 49:44 | Oni.TaToH · tribute_sent a jugador 5 |
| 49:44 | Oni.TaToH · tribute_sent a jugador 7 |
| 49:44 | Oni.TaToH · tribute_sent a jugador 8 |
| 49:55 | rono · first_market_buy 100 stone |
| 49:56 | [R1] Pume · wall_segment Stone Wall x1 |
| 49:58 | [R1] Pume · wall_segment Stone Wall x5 |
| 49:59 | [R1] Pume · wall_segment Stone Wall x5 |
| 50:29 | [R1] Pume · age_up imperial |
| 51:05 | [R1] Pume · wall_segment Stone Wall x1 |
| 51:09 | [R1] 12Tirador · wall_segment Stone Wall x15 |
| 51:11 | [R1] 12Tirador · wall_segment Stone Wall x1 |
| 51:21 | Oni.TaToH · first_building Siege Workshop |
| 51:29 | [R1] 12Tirador · wall_segment Stone Wall x1 |
| 51:46 | [R1] Pume · wall_segment Stone Wall x6 |
| 52:01 | Oni.TaToH · tribute_sent a jugador 1 |
| 52:01 | Oni.TaToH · tribute_sent a jugador 2 |
| 52:01 | Oni.TaToH · tribute_sent a jugador 3 |
| 52:01 | Oni.TaToH · tribute_sent a jugador 4 |
| 52:01 | Oni.TaToH · tribute_sent a jugador 5 |
| 52:01 | Oni.TaToH · tribute_sent a jugador 7 |
| 52:01 | Oni.TaToH · tribute_sent a jugador 8 |
| 52:22 | [R1] Pume · first_building Castle |
| 52:22 | Oni.TaToH · wall_segment Stone Wall x9 |
| 52:29 | BSL | Dr.Kozmonot · first_building Stable |
| 52:32 | Oni.TaToH · wall_segment Stone Wall x1 |
| 52:34 | Oni.TaToH · wall_segment Stone Wall x1 |
| 52:35 | Oni.TaToH · wall_segment Stone Wall x1 |
| 52:58 | BSL | Dragonstar · tribute_sent a jugador 1 |
| 52:58 | BSL | Dragonstar · tribute_sent a jugador 2 |
| 52:58 | BSL | Dragonstar · tribute_sent a jugador 3 |
| 52:58 | BSL | Dragonstar · tribute_sent a jugador 4 |
| 52:58 | BSL | Dragonstar · tribute_sent a jugador 5 |
| 52:58 | BSL | Dragonstar · tribute_sent a jugador 6 |
| 52:58 | BSL | Dragonstar · tribute_sent a jugador 8 |
| 53:23 | [R1] PoXoLo · first_building Siege Workshop |
| 53:30 | [R1] 12Tirador · wall_segment Stone Wall x11 |
| 53:35 | [R1] 12Tirador · wall_segment Stone Wall x26 |
| 53:54 | Oni.TaToH · tribute_sent a jugador 1 |
| 53:54 | Oni.TaToH · tribute_sent a jugador 2 |
| 53:54 | Oni.TaToH · tribute_sent a jugador 3 |
| 53:54 | Oni.TaToH · tribute_sent a jugador 4 |
| 53:54 | Oni.TaToH · tribute_sent a jugador 5 |
| 53:54 | Oni.TaToH · tribute_sent a jugador 7 |
| 53:54 | Oni.TaToH · tribute_sent a jugador 8 |
| 55:15 | [R1] 12Tirador · wall_segment Stone Wall x2 |
| 55:20 | BSL | Dragonstar · first_building Siege Workshop |
| 55:29 | [R1] 12Tirador · wall_segment Stone Wall x7 |
| 55:30 | [R1] 12Tirador · wall_segment Stone Wall x5 |
| 56:26 | [R1] 12Tirador · wall_segment Stone Wall x1 |
| 56:27 | [R1] 12Tirador · wall_segment Stone Wall x3 |
| 58:01 | [R1] Pume · wall_segment Stone Wall x3 |
| 59:23 | BSL | Dragonstar · first_building Archery Range |
| 59:59 | [R1] PoXoLo · tribute_sent a jugador 1 |
| 59:59 | [R1] PoXoLo · tribute_sent a jugador 2 |
| 59:59 | [R1] PoXoLo · tribute_sent a jugador 3 |
| 59:59 | [R1] PoXoLo · tribute_sent a jugador 5 |
| 59:59 | [R1] PoXoLo · tribute_sent a jugador 6 |
| 59:59 | [R1] PoXoLo · tribute_sent a jugador 7 |
| 59:59 | [R1] PoXoLo · tribute_sent a jugador 8 |
| 60:00 | Oni.TaToH · tribute_sent a jugador 1 |
| 60:00 | Oni.TaToH · tribute_sent a jugador 2 |
| 60:00 | Oni.TaToH · tribute_sent a jugador 3 |
| 60:00 | Oni.TaToH · tribute_sent a jugador 4 |
| 60:00 | Oni.TaToH · tribute_sent a jugador 5 |
| 60:00 | Oni.TaToH · tribute_sent a jugador 7 |
| 60:00 | Oni.TaToH · tribute_sent a jugador 8 |
| 60:09 | [R1] 12Tirador · wall_segment Stone Wall x6 |
| 60:42 | Oni.TaToH · resign |
[ AI ANALYSIS · 1 CREDIT ]
What really happened in this match?
Wolo.gg analyzes every decision: build order, eco, micro, common mistakes by bracket. Personalized analysis on WhatsApp or Discord in 30 seconds.
Civ guide
Franks
Perfil
Jugador #340055